 Dungeon Crawl Stone Soup version 0.30-a0-883-g5ad918d77d (webtiles) character file.

Game seed: 15546039110230424189

86 Newt the Shooter (level 4, -4/31 HPs)
             Began as a Kobold Hunter on Mar 16, 2023.
             Killed by divine providence
             ... invoked by an orc priest
              (15 damage)
             ... on level 3 of the Dungeon.
             The game lasted 00:01:17 (1750 turns).

Newt the Shooter (Kobold Hunter)                    Turns: 1750, Time: 00:01:18

Health: -4/31      AC:  3    Str:  8    XL:     4   Next: 78%
Magic:  4/4        EV: 14    Int: 10    God:
Gold:   131        SH:  0    Dex: 20    Spells: 3/3 levels left

rFire   . . .      SeeInvis .    a - +0 shortbow
rCold   . . .      Faith    .    (shield currently unavailable)
rNeg    . . .      Spirit   .    c - +0 leather armour
rPois   .          Reflect  .    (no helmet)
rElec   .          Rampage  .    (no cloak)
rCorr   .                        (no gloves)
Will    .....                    (no boots)
Stlth   +++                      (no amulet)
HPRegen 0.25/turn                (no ring)
MPRegen 0.09/turn                (no ring)

@: no status effects
A: small, no large weapons, nightstalker 3
a: no special abilities


You were on level 3 of the Dungeon.
You visited 1 branch of the dungeon, and saw 3 of its levels.

You collected 131 gold pieces.

Inventory:

Hand Weapons
 a - a +0 shortbow (weapon)
Armour
 c - a +0 leather armour (worn)
Scrolls
 b - a scroll of immolation
 d - a scroll of fear
 e - a scroll of torment
Potions
 g - a potion of haste
 h - a potion of brilliance
 i - a potion of might
 j - a potion of curing


   Skills:
 - Level 5.0 Fighting
 + Level 5.4 Ranged Weapons
 - Level 2.4 Dodging
 - Level 1.3 Stealth


You had 3 spell levels left.
You didn't know any spells.
Your spell library contained the following spells:

 Spells                   Type           Power      Damage    Failure   Level
 Foxfire                  Conj/Fire      0%         2x1d4     50%         1
 Cigotuvi's Dreadful Rot  Necr/Pois/Air  0%         N/A       63%         2
 Dispel Undead            Necr           0%         3d6       99%         4
 Fireball                 Conj/Fire      0%         3d3       100%        5
 Death Channel            Necr           0%         N/A       100%        6
 Starburst                Conj/Fire      0%         6d3       100%        6


Dungeon Overview and Level Annotations

Branches:
Dungeon (3/15)

Altars:


Innate Abilities, Weirdness & Mutations

You are small and have problems with some larger weapons.
You are completely attuned to the shadows.


Message History

An orc comes into view. It is wielding a +0 flail.
Found an escape hatch in the floor.
You shoot an arrow. The arrow hits the orc!
You kill the orc!
You hear a shout!
An orc priest comes into view.
It is wielding a +0 falchion of holy wrath.
An orc comes into view. It is wielding a +0 hand axe.
The orc closely misses you.
The orc shouts!
You shoot an arrow. The arrow hits the orc.
The orc is heavily wounded.
The orc hits you with a +0 mace!
A hound comes into view.
Unknown command.
Fire: a) +0 shortbow
Press: ? - help, Shift-Dir - straight line, f - orc priest, p - orc
Aim: an orc priest, wielding a +0 falchion of holy wrath (66% to hit)
You shoot an arrow. The hound barks!
The arrow hits the orc but does no damage.
The orc is heavily wounded.
Unknown command.
Fire: a) +0 shortbow
Press: ? - help, Shift-Dir - straight line, f/p - orc priest
Aim: an orc priest, wielding a +0 falchion of holy wrath (66% to hit)
You shoot an arrow. The arrow hits the orc priest.
The orc priest is moderately wounded.
The orc priest calls upon Beogh to heal the orc.
The orc's wounds heal themselves!
The orc hits you with a +0 hand axe. The orc barely misses you.
The orc closely misses you.
The orc priest mumbles some strange prayers to Beogh against you.
Pain shoots through your body! The orc hits you with a +0 hand axe.
Fire: a) +0 shortbow
Press: ? - help, Shift-Dir - straight line, f/p - orc priest
Aim: an orc priest, wielding a +0 falchion of holy wrath (moderately wounded, 66% to hit)
You shoot an arrow. The arrow barely misses the orc priest.
The orc hits you but does no damage. x2
The orc priest calls down the wrath of Beogh upon you.
Beogh smites you!
You die...

#....# #####....#
?.....§§§.######
........§§§§§§...
...#.#.#.#§§§§....
...(.....§§§§...#)
...#.#.#.#§§§§..#
...o......§§§§§§#
..h#@#.#.#.##.§§#
...oo....... ...
..)#.#.#.#.
.).......)
........>


You could see a hound, an orc priest and 2 orcs.

Vanquished Creatures
  3 adders (D:2)
  3 dart slugs
  2 orcs (D:3)
  7 ball pythons
  6 endoplasms
  4 giant cockroaches
  2 goblins
  6 hobgoblins
  2 quokkas
  4 bats
  3 frilled lizards
  2 kobolds
  3 rats
47 creatures vanquished.

Notes
Turn   | Place    | Note
-------+----------+-------------------------------------------
     0 | D:1      | Newt the Kobold Hunter began the quest for the Orb.
     0 | D:1      | Reached XP level 1. HP: 12/12 MP: 1/1
   155 | D:1      | Reached XP level 2. HP: 12/18 MP: 2/2
   684 | D:1      | Reached XP level 3. HP: 23/23 MP: 3/3
  1152 | D:2      | Reached XP level 4. HP: 29/30 MP: 4/4
  1554 | D:2      | Reached skill level 5 in Fighting
  1750 | D:3      | Killed from afar by an orc priest

Illustrated notes

Levels and vault maps discovered:
D:1:      zelgadis_glass_arrival_large, layout_basic, minmay_octomino_j4
D:2:      layout_rooms, chequers_serial_rivers_micro_a, kennysheep_doodads
D:3:      layout_rooms, gammafunk_temple_overflow_elements,
          serial_co_window_serial, co_window_corner_a, co_window_paths_b,
          co_window_corner_a, co_window_corner_a, co_window_paths_b,
          co_window_corner_b, co_window_broadway_a, co_window_unsneaky_path_e,
          glass_columns_a, glass_columns_a, glass_columns_c,
          chequers_serial_rivers_marsh, minmay_pentomino_pile, uniq_terence

Skill      XL: |  1  2  3  4 |
---------------+-------------+-----
Fighting       | 3 4 5 |  5.0
Ranged Weapons | |  5.4
Dodging        | |  2.4
Stealth        | |  1.3

Action                     |  1- 3 |  4- 6 || total
---------------------------+-------+-------++-------
   Fire: Shortbow          |    62 |    37 ||    99
    Use: Scroll            |     5 |     3 ||     8
         Potion            |       |     1 ||     1
 Armour: Leather armour    |     5 |     7 ||    12
  Dodge: Dodged            |    15 |    11 ||    26

Table legend: (Time is in decaauts)
 A = Elapsed time spent in this place.
 B = Non-inter-level travel time spent in this place.
 C = Inter-level travel time spent in this place.
 D = Time resting spent in this place.
 E = Time spent auto-exploring this place.
 F = Levels seen in this place.
 G = Mean time per level.
                   A        B        C        D        E       F      G
               +--------+--------+--------+--------+--------+-----+--------+
         Total |   1779 |   1699 |     80 |      0 |   1488 |   3 |  593.0 |
       Dungeon |   1779 |   1699 |     80 |      0 |   1488 |   3 |  593.0 |
               +--------+--------+--------+--------+--------+-----+--------+

Top non-repeatable levels by time:
     D:1: 1091 daAuts
     D:2: 663 daAuts
     D:3: 24 daAuts
